 Dungeon Crawl Stone Soup version 0.29-a0-321-gf1c400731a (webtiles) character file.

Game seed: 14553425413946778979

320 Colgate the Slicer (level 6, 0/35 HPs)
             Began as a Kobold Brigand on Apr 5, 2022.
             Slain by an orc priest
             ... wielding a +0 whip
              (6 damage)
             ... on level 4 of the Dungeon on Apr 24, 2022.
             The game lasted 00:18:20 (4531 turns).

Colgate the Slicer (Kobold Brigand)                 Turns: 4531, Time: 00:18:21

Health: 0/35       AC:  7    Str:  9    XL:     6   Next: 75%
Magic:  6/6        EV: 12    Int: 12    God:
Gold:   62         SH:  0    Dex: 18    Spells: 5/5 levels left

rFire   . . .      SeeInvis .   a - +2 dagger
rCold   . . .      Faith    .   (no shield)
rNeg    . . .      Spirit   .   n - +0 ring mail
rPois   .          Reflect  .   (no helmet)
rElec   .          Harm     .   c - +0 cloak
rCorr   .          Rampage  .   o - +0 pair of gloves
Will    .....                   (no boots)
Stlth   ++++......              f - amulet of the acrobat
HPRegen 0.11/turn               (no ring)
MPRegen 0.10/turn               (no ring)

@: no status effects
A: small, no large weapons, nightstalker 3
a: no special abilities


You were on level 4 of the Dungeon.
You visited 1 branch of the dungeon, and saw 4 of its levels.

You collected 185 gold pieces.
You spent 123 gold pieces at shops.

Inventory:

Hand Weapons
 a - a +2 dagger (weapon)
 b - a +0 short sword
Missiles
 d - 9 poisoned darts (quivered)
 e - 2 curare-tipped darts
Armour
 c - a +0 cloak (worn)
 n - a +0 ring mail (worn)
 o - a +0 pair of gloves (worn)
 q - a +2 kite shield
 r - a +0 leather armour
 w - a +0 robe
 x - the +1 robe of the Thirteen Seas {-Tele rN+++ rCorr Dex-4}
   (You found it on level 3 of the Dungeon)

   Dex:       It affects your dexterity (-4).
   rN:        It renders you almost immune to negative energy.
   -Tele:     It prevents most forms of teleportation.
   rCorr:     It protects you from acid and corrosion.
Jewellery
 f - an amulet of the acrobat (around neck)
Wands
 y - a wand of digging (6) {@v3}
Scrolls
 h - a scroll of amnesia {unknown}
 i - a scroll of noise {unknown}
 j - 2 scrolls of blinking {@r4}
 m - a scroll of vulnerability {unknown}
 v - 3 scrolls of teleportation {@r3}
 z - a scroll of acquirement {unknown}
Potions
 g - 4 potions of curing {@q1}
 k - 2 potions of flight
 l - a potion of heal wounds {@q2}
 p - a potion of resistance {@q5}
 s - a potion of cancellation
 t - a potion of brilliance {unknown}
 u - 2 potions of might {@q3}
 A - a potion of magic {unknown}
 B - a potion of mutation {unknown}


   Skills:
 - Level 2.1 Fighting
 - Level 8.0 Short Blades
 - Level 2.1 Throwing
 - Level 1.2 Dodging
 + Level 6.6 Stealth


You had 5 spell levels left.
You didn't know any spells.
Your spell library contained the following spells:

 Spells                   Type           Power      Damage    Failure   Level
 Magic Dart               Conj           0%         1d3       67%         1
 Call Imp                 Summ           0%         N/A       80%         2
 Mephitic Cloud           Conj/Pois/Air  0%         N/A       95%         3


Dungeon Overview and Level Annotations

Branches:
Dungeon (4/15)
 Temple: D:4-7

Altars:

Shops:
D:2 [   D:3 *

Annotations:
D:4 exclusions: necrophage and 1 more exclusion


Innate Abilities, Weirdness & Mutations

You are small and have problems with some larger weapons.
You are completely attuned to the shadows.


Message History

B - a lumpy coppery potion
Found a stone staircase leading up.
An orc comes into view. It is wielding a +0 dagger.
The orc shouts!
You hear a shout! x4
You completely miss the orc. The orc closely misses you.
You hit the orc. You hit the orc. The orc hits you with a +0 dagger.
You hit the orc.
You kill the orc!
Things that are here:
a +0 dagger; a +0 leather armour; an orc corpse An orc comes into view.
It is wielding a +0 trident.
An orc priest comes into view.
It is wielding a +0 whip. 2 orcs come into view.
The orc shouts!
The orc priest misses you.
An orc comes into view. It is wielding a +0 mace.
The orc shouts!
You hit the orc priest. You closely miss the orc priest.
The orc barely misses you.
The orc priest hits you but does no damage.
You hit the orc priest but do no damage.
You closely miss the orc priest. The orc closely misses you.
The orc priest calls down the wrath of Beogh upon you.
Pain shoots through your body!
You hit the orc priest. The orc barely misses you.
The orc priest calls down the wrath of Beogh upon you.
Beogh smites you!
You completely miss the orc priest. You barely miss the orc priest.
The orc completely misses you. The orc priest hits you with a +0 whip.
You hit the orc priest. You hit the orc priest.
The orc hits you from afar with a +0 trident.
The orc priest closely misses you.
You hit the orc priest.
The orc hits you from afar with a +0 trident!
* * * LOW HITPOINT WARNING * * *
The orc priest hits you with a +0 whip.
You die...

#......#.#######...##
#.#..##..# #.....#
#.#..##..# ##...##
#.<......# ##.##
#.##.###.# #.#
#)##.###.# #.#
#....o...* *#+#*
####.###** **,,,**
#@#*** **,,,,,*
#o#*,** **,,,,,,,
#o#,,,****,,,,,,,,
#o.,,,,,,+,,,,,,,,
#.#,,,****,,,,,,,,
*,**,** **,,,,,,,
*,**** **,,,,,* *,**
**,,,** *,,* **+**


You could see an orc priest and 3 orcs.

Vanquished Creatures
  Sigmund (D:2)
  A hound (D:4)
  A jelly (D:4)
  5 adders
  2 worms
  A dart slug (D:3)
  2 orcs (D:4)
  2 endoplasms (D:2)
  2 giant cockroaches (D:1)
  3 goblins
  2 hobgoblins (D:2)
  A jackal (D:2)
  3 quokkas
  5 ball pythons
  4 bats
  A frilled lizard (D:1)
  3 kobolds
  6 rats
45 creatures vanquished.

Notes
Turn   | Place    | Note
-------+----------+-------------------------------------------
     0 | D:1      | Colgate the Kobold Brigand began the quest for the Orb.
     0 | D:1      | Reached XP level 1. HP: 12/12 MP: 1/1
   142 | D:1      | Reached skill level 3 in Short Blades
   170 | D:1      | Reached XP level 2. HP: 17/17 MP: 2/2
  2103 | D:2      | Reached skill level 4 in Short Blades
  2146 | D:2      | Reached XP level 3. HP: 13/21 MP: 3/3
  2262 | D:2      | Found Zuhept's Armour Emporium.
  2267 | D:2      | Bought a +0 pair of gloves for 45 gold pieces
  2381 | D:2      | Reached skill level 5 in Short Blades
  2634 | D:2      | Noticed Sigmund
  2651 | D:2      | Killed Sigmund
  2652 | D:2      | Reached skill level 7 in Short Blades
  2652 | D:2      | Reached XP level 4. HP: 14/26 MP: 4/4
  2652 | D:2      | Reached XP level 5. HP: 16/30 MP: 5/5
  2652 | D:2      | Reached XP level 6. HP: 18/35 MP: 6/6
  3041 | D:2      | Reached skill level 8 in Short Blades
  3268 | D:3      | Found Woiqiza's General Store.
  3284 | D:3      | Bought a scroll of teleportation for 36 gold pieces
  3417 | D:3      | Identified the +1 robe of the Thirteen Seas {-Tele rN+++
                  | rCorr Dex-4}
  4103 | D:3      | Bought a scroll of magic mapping for 42 gold pieces
  4531 | D:4      | Slain by an orc priest

Illustrated notes

Levels and vault maps discovered:
D:1:      minmay_arrival_cross, layout_basic, hex_large
D:2:      layout_loops_ring, serial_shops, shop, st_stairs_10,
          kennysheep_generic_room_9, uniq_sigmund
D:3:      layout_loops_ring, serial_shops, shop
D:4:      layout_loops_corners, mrwooster_statue_mirror

Skill      XL: |  1  2  3  4  5  6 |
---------------+-------------------+-----
Short Blades   | 3 4 7 8 |  8.0
Stealth        | 6 |  6.6
Fighting       | |  2.1
Throwing       | |  2.1
Dodging        | |  1.2

Action                   |  1- 3 |  4- 6 || total
-------------------------+-------+-------++-------
Melee: Dagger            |    40 |    74 ||   114
Throw: Dart              |     7 |     5 ||    12
  Use: Scroll            |       |     8 ||     8
 Stab: Sleeping          |    16 |    10 ||    26
Armor: Robe              |     5 |     1 ||     6
       Ring mail         |       |     5 ||     5
Dodge: Dodged            |    15 |    25 ||    40

Table legend: (Time is in decaauts)
 A = Elapsed time spent in this place.
 B = Non-inter-level travel time spent in this place.
 C = Inter-level travel time spent in this place.
 D = Time resting spent in this place.
 E = Time spent auto-exploring this place.
 F = Levels seen in this place.
 G = Mean time per level.
                   A        B        C        D        E       F      G
               +--------+--------+--------+--------+--------+-----+--------+
         Total |   4492 |   4314 |    178 |      0 |   3761 |   4 | 1123.0 |
       Dungeon |   4492 |   4314 |    178 |      0 |   3761 |   4 | 1123.0 |
               +--------+--------+--------+--------+--------+-----+--------+

Top non-repeatable levels by time:
     D:1: 2078 daAuts
     D:2: 1181 daAuts
     D:3: 818 daAuts
     D:4: 413 daAuts
